cohdb
Replays
Latest Replays
All Replays
Popular Replays
Top Player Replays
Match Explorer
How It Works
Community
CoH3 Stats
Reddit
Sign in to upload your games and track your stats! →
Sign in with Steam
kt and calliOP?
Match 39921576
Overview
Messages
Build Orders
End
Scout Squad
Construct Barracks
Selects Special Operations Battlegroup
Selects M29 Weasel Recon Vehicle
M29 Weasel Recon Vehicle
Construct Barracks
Riflemen Squad
Riflemen Squad
Infantry Support Center
Selects Smoke Screen
Construct Motor Pool
Selects SSF Commando Squad
M8 Greyhound Armored Car
Engineer Squad
Construct Medical Station
M1 Anti-tank Gun Team
Riflemen Squad
M1918 Browning Automatic Rifles
Selects Air Re-supply Operation
Advanced Logistics
Air Re-Supply Operation
Grenade Package
Selects Mark Vehicle
SSF Commando Squad
Selects M4A1 Sherman Whizbang
M4A1 Sherman Whizbang
Mark Vehicle
Survival Training
Demolitions Package
Mark Vehicle
M4A1 Sherman Whizbang
Oziligath
Lemon Sugar
0
0
Comments
sign in to comment!
No comments posted yet!